 Dungeon Crawl Stone Soup version 0.21-a0-632-g1e37ce5 (webtiles) character file.

115812 graki42 the Bludgeoner (level 16, -5/152 HPs)
             Began as a Minotaur Fighter on Dec 28, 2017.
             Was a High Priest of the Shining One.
             Engulfed by a swamp dragon's poison gas (7 damage)
             ... on level 4 of the Swamp.
             The game lasted 01:07:41 (21699 turns).

graki42 the Bludgeoner (Minotaur Fighter)          Turns: 21699, Time: 01:07:42

Health: -5/152     AC: 24    Str: 30    XL:     16   Next: 19%
Magic:  0/19       EV: 11    Int:  8    God:    the Shining One [*****.]
Gold:   2696       SH: 25    Dex: 10    Spells: 15/15 levels left

rFire    + + .     SeeInvis +   C - +6 flail of Valour {flame, Str+5}
rCold    + . .     Gourm    .   c - +1 shield
rNeg     + + .     Faith    .   D - +2 plate armour {MR+}
rPois    .         Spirit   +   (helmet restricted)
rElec    .         Reflect  .   x - scarf {rC+ rF+}
rCorr    .         Harm     .   q - +2 pair of gloves
MR       ++...                  W - +0 pair of boots
Stlth    ..........             G - amulet of guardian spirit
HPRegen  0.35/turn              n - ring of protection from fire
MPRegen  0.16/turn              I - ring of see invisible

@: lethally poisoned (-5 -> -96), divine shield, glowing
A: retaliatory headbutt, horns 2
a: Divine Shield, Cleansing Flame, Summon Divine Warrior, Renounce Religion


You were on level 4 of the Swamp.
You worshipped the Shining One.
The Shining One was extremely pleased with you.
You were near starving.

You visited 4 branches of the dungeon, and saw 23 of its levels.
You also visited: Ossuary.

You collected 2696 gold pieces.

Inventory:

Hand Weapons
 C - the +6 flail of Valour (weapon) {flame, Str+5}
   (You found it on level 7 of the Dungeon)

   It has been specially enchanted to burn those struck by it, causing extra
   injury to most foes and up to half again as much damage against particularly
   susceptible opponents.
   It affects your strength (+5).
Armour
 c - a +1 shield (worn)
 q - a +2 pair of gloves (worn)
 u - the +3 hat of Pondering {ponderous, MR+ MP+10 Int+5}
   (You took it off Gastronok on level 2 of the Lair of Beasts)

   It affects your intelligence (+5).
   It affects your resistance to hostile enchantments.
   It affects your magic capacity (+10).
 x - a scarf of resistance (worn)
 B - a +0 cloak of invisibility
 D - a +2 plate armour of magic resistance (worn)
 F - the +5 plate armour "Jeocor" {rF+ Int+3}
   (You found it on level 2 of the Lair of Beasts)

   It affects your intelligence (+3).
   It protects you from fire.
 W - a +0 pair of boots (worn)
Jewellery
 b - the ring of Goaxaexa {rN+ Dex+2}
   (You acquired it on level 2 of the Lair of Beasts)

   [ring of positive energy]

   It affects your dexterity (+2).
   It protects you from negative energy.
 n - a ring of protection from fire (left hand)
 t - a +2 ring of strength {unknown}
 G - an amulet of guardian spirit (around neck)
 I - a ring of see invisible (right hand)
 L - an uncursed ring of protection from cold
 O - an uncursed ring of ice
 V - a cursed -3 ring of protection {unknown}
Wands
 g - a wand of flame (110)
 h - a wand of acid (11)
 j - a wand of iceblast (36)
 l - a wand of disintegration (18)
 v - a wand of polymorph (15)
 H - a wand of enslavement (28)
 M - a wand of paralysis (13)
 T - a wand of digging (10)
Scrolls
 a - 8 scrolls of teleportation
 k - 9 scrolls of magic mapping
 m - 7 scrolls of identify
 w - 2 scrolls of immolation
 y - 4 scrolls of remove curse
 z - 3 scrolls of blinking
 E - 2 scrolls of amnesia
 J - 2 scrolls of fog
 N - a scroll of fear {unknown}
 R - 2 scrolls of silence
 S - a scroll of enchant armour
Potions
 d - 4 potions of might
 e - 4 potions of curing
 i - a potion of cancellation
 o - a potion of agility
 p - 6 potions of flight
 A - 3 potions of heal wounds
 K - a potion of haste
 P - a potion of berserk rage
Books
 s - Roxanne's Disquisition on Transmigration
   (You took it off Roxanne on level 1 of the Swamp)

   Spells                             Type                      Level
   a - Ice Form                       Ice/Transmutation            4
   b - Petrify                        Transmutation/Earth          4
   c - Irradiate                      Conjuration/Transmutation    5
   d - Statue Form                    Transmutation/Earth          6
Miscellaneous
 r - a phantom mirror
 U - a lamp of fire
Comestibles
 f - 30 rations


   Skills:
 + Level 16.5 Fighting
 + Level 17.4 Maces & Flails
 + Level 14.7 Armour
 + Level 6.5 Dodging
 - Level 1.2 Stealth
 + Level 16.8 Shields
 + Level 5.8 Invocations
 + Level 0.7 Evocations


You had 15 spell levels left.
You didn't know any spells.

Dungeon Overview and Level Annotations

Branches:
Dungeon (11/15)            Temple (0/1) D:4            Lair (6/6) D:10
  Swamp (4/4) Lair:3        Snake (0/4) Lair:3        Slime (0/5) Lair:5
    Orc (2/2) D:11            Elf (0/3) Orc:2

Altars:
Elyvilon
Fedhas
Gozag
Hepliaklqana
Kikubaaqudgha
Nemelex Xobeh
Qazlal
Ru
Sif Muna
Wu Jian
Xom
Zin
The Shining One
Beogh
Jiyva

Shops:
Orc:1 }   Orc:2 =*[[

Annotations:
Swamp:4 Lernaean hydra


Innate Abilities, Weirdness & Mutations

You reflexively headbutt those who attack you in melee.
You have a pair of horns on your head.


Message History

You block the swamp drake's attack.
The swamp dragon bites you but does no damage.
You block the swamp dragon's attack. The swamp dragon closely misses you.
The eight-headed hydra barely misses you.
You furiously retaliate!
You headbutt the eight-headed hydra. The eight-headed hydra bites you.
* * * LOW HITPOINT WARNING * * *
The eight-headed hydra bites you but does no damage.
You block the eight-headed hydra's attack.
The eight-headed hydra bites you but does no damage.
The eight-headed hydra bites you! The Shining One protects you from harm!
The eight-headed hydra barely misses you.
The eight-headed hydra closely misses you.
Unknown command.
You thump the eight-headed hydra! You burn the eight-headed hydra.
The eight-headed hydra is almost dead.
You are engulfed in poison gas.
You are more poisoned.
You die...

≈..≈§≈^...♣♣♣≈≈..≈≈♣♣♣.≈# #D##D≈
≈.≈≈≈...≈≈.≈♣.≈.♣≈♣♣♣.≈# ##≈#≈.#
.≈≈≈≈..≈≈≈≈§≈♣♣♣.♣♣♣.######≈§≈≈.§
≈≈≈≈≈≈.≈≈≈≈≈≈♣ ♣..♣♣...##.§§≈#≈.#
≈≈≈≈≈≈≈♣≈≈..≈♣ ♣≈.≈.≈≈..≈.$......
≈≈≈≈≈≈♣♣♣♣♣♣≈≈♣♣....§.≈≈#≈≈.≈≈§≈≈
≈♣♣♣♣♣♣♣♣ ♣♣♣♣♣..§≈D.####.§≈≈≈≈#
≈♣ ♣.≈♣♣♣ ♣.k§≈♣♣.≈#####≈≈## ≈♣
♣♣♣♣≈.≈♣♣ ♣@D÷♣≈♣♣♣.≈♣ ###
♣♣♣♣..♣....♣♣♣♣♣§D§.♣≈♣ ♣♣
≈≈♣♣.≈≈≈≈≈≈♣♣.♣§≈#.≈♣♣♣
≈≈♣♣♣♣≈≈≈≈≈♣..≈...≈.♣
♣♣♣♣♣♣≈≈≈≈≈..≈≈....≈#
♣♣♣...≈≈≈≈...≈♣...≈.♣♣
♣§≈♣♣.§≈≈.≈.♣♣♣♣♣....♣
..≈♣♣♣.≈≈.≈♣♣♣<.≈♣♣♣♣♣
.≈.♣♣♣♣♣≈..♣≈....≈♣


You could see the 27-headed Lernaean hydra, an eight-headed hydra, a swamp
dragon and a swamp drake.

Vanquished Creatures
  Gastronok (Lair:2)
  2 acid blobs (Lair:6)
  An azure jelly (Lair:6)
  2 orc warlords
  Roxanne (Swamp:1)
  A stone giant (D:11)
  The ghost of Anou the Fighter, a journeyman GnWn of Makhleb (Lair:6)
  A very ugly thing (Swamp:1)
  5 dire elephants (Lair:6)
  2 death oozes (Lair:6)
  Josephine (Lair:5)
  Harold (Lair:2)
  19 hydras
  2 ghost crabs
  An anaconda (Lair:6)
  12 alligators
  6 death yaks
  A queen ant (Lair:2)
  3 orc high priests (Orc:2)
  5 spriggans
  A fire crab (Orc:2)
  A spriggan druid (Swamp:1)
  6 swamp dragons
  5 orc knights
  The ghost of Salmacis the Shield-Bearer, a novice FoFi (D:6)
  2 shambling mangroves
  5 orc sorcerers
  8 deep elf magi
  5 elephants
  3 black mambas
  18 spiny frogs
  Psyche (D:9)
  7 komodo dragons
  8 trolls
  5 polar bears (Lair:4)
  20 blink frogs
  8 hornets
  5 tyrant leeches
  10 slime creatures
  7 bog bodies
  6 hippogriffs
  3 wraiths (Lair:5)
  2 wyverns
  Eustachio (D:6)
  51 yaks
  2 basilisks
  2 steam dragons (D:7)
  20 vampire mosquitoes
  8 insubstantial wisps
  3 nagas (Lair:3)
  21 swamp worms
  A warg (Orc:1)
  20 soldier ants (Lair:2)
  10 water moccasins
  2 hell hounds (D:10)
  3 porcupines
  The ghost of anet the Magician, an amateur DEWz (D:3)
  10 swamp drakes
  3 ice beasts
  22 orc warriors
  3 sky beasts
  15 ogres
  2 black bears
  4 wolves (Lair:3)
  A centaur (D:5)
  11 crocodiles
  A big kobold (D:10)
  Blork the orc (D:4)
  An elf zombie (Ossuary)
  14 bullfrogs
  A wyvern zombie (D:10)
  3 scorpions
  4 wights (D:6)
  3 electric eels
  A crimson imp (D:9)
  4 hounds
  3 centaur zombies
  3 jellies
  Crazy Yiuf (D:4)
  4 centaur skeletons
  3 human zombies (Ossuary)
  17 orc priests
  6 iguanas
  20 orc wizards
  27 worker ants
  A big kobold zombie (Ossuary)
  A hound zombie (D:4)
  2 mummies (Ossuary)
  7 gnolls
  9 adders
  A howler monkey skeleton (D:6)
  A shadow imp (D:8)
  6 oozes
  An adder skeleton (D:4)
  7 worms
  4 dart slugs
  5 leopard geckos
  80 orcs
  2 ball pythons
  5 bats
  4 giant cockroaches
  7 goblins
  7 hobgoblins
  15 jackals
  2 quokkas
  6 frilled lizards
  A goblin zombie (Ossuary)
  8 hobgoblin zombies (Ossuary)
  2 jackal zombies (Ossuary)
  8 kobolds
  10 kobold zombies (Ossuary)
  A leopard gecko zombie (D:7)
  10 orc zombies (Ossuary)
  8 rats
759 creatures vanquished.

Vanquished Creatures (others)
  A swamp drake (Swamp:4)
  An orc priest (Orc:2)
  An orc wizard (Orc:2)
  6 fungi
  10 plants
19 creatures vanquished.

Grand Total: 778 creatures vanquished

Notes
Turn   | Place    | Note
-------+----------+-------------------------------------------
     0 | D:1      | graki42 the Minotaur Fighter began the quest for the Orb.
     0 | D:1      | Reached XP level 1. HP: 19/19 MP: 0/0
   103 | D:1      | Reached XP level 2. HP: 27/27 MP: 1/1
   278 | D:1      | Reached XP level 3. HP: 32/33 MP: 2/2
   281 | D:1      | Reached skill level 3 in Maces & Flails
   741 | D:2      | Found a transporter.
   746 | D:2      | Found a transporter.
   748 | D:2      | Found a hazy altar of Hepliaklqana.
   751 | D:2      | Reached XP level 4. HP: 40/40 MP: 3/3
   854 | D:2      | Reached skill level 4 in Maces & Flails
   910 | D:2      | Reached XP level 5. HP: 35/46 MP: 4/4
   994 | D:2      | Found an opulent altar of Gozag.
  1204 | D:3      | Found a glowing golden altar of the Shining One.
  1213 | D:3      | Noticed anet's ghost (amateur DEWz)
  1220 | D:3      | Killed anet's ghost
  1220 | D:3      | Reached skill level 5 in Maces & Flails
  1220 | D:3      | Reached skill level 1 in Dodging
  1243 | D:3      | Became a worshipper of the Shining One
  1312 | D:3      | Reached XP level 6. HP: 51/53 MP: 5/5
  1709 | D:4      | Found a staircase to the Ecumenical Temple.
  1728 | D:4      | Found a sand-covered staircase.
  1737 | Ossuary  | Entered an ossuary
  1763 | Ossuary  | Reached * piety under the Shining One
  1807 | Ossuary  | Reached ** piety under the Shining One
  1883 | Ossuary  | Reached skill level 6 in Maces & Flails
  1904 | Ossuary  | Reached *** piety under the Shining One
  2038 | D:4      | Found a shimmering altar of Xom.
  2038 | D:4      | Found a shimmering altar of Xom.
  2038 | D:4      | Found a shimmering altar of Xom.
  2038 | D:4      | Found a shimmering altar of Xom.
  2038 | D:4      | Found a shimmering altar of Xom.
  2047 | D:4      | Reached skill level 5 in Armour
  2047 | D:4      | Reached XP level 7. HP: 51/60 MP: 6/6
  2058 | D:4      | Found a shimmering altar of Xom.
  2058 | D:4      | Found a shimmering altar of Xom.
  2230 | D:4      | Reached skill level 5 in Fighting
  2261 | D:4      | Found a runed door.
  2265 | D:4      | Noticed Crazy Yiuf
  2270 | D:4      | Killed Crazy Yiuf
  2270 | D:4      | Reached skill level 7 in Maces & Flails
  2478 | D:4      | Reached skill level 5 in Shields
  2539 | D:4      | Noticed Blork the orc
  2556 | D:4      | Killed Blork the orc
  2620 | D:5      | Entered Level 5 of the Dungeon
  2628 | D:5      | Found an ancient bone altar of Kikubaaqudgha.
  2885 | D:5      | Found a deep blue altar of Sif Muna.
  3071 | D:5      | Reached skill level 8 in Maces & Flails
  3071 | D:5      | Reached XP level 8. HP: 22/69 MP: 7/7
  3452 | D:6      | Noticed Salmacis's ghost (novice FoFi)
  3610 | D:6      | Noticed Eustachio
  3615 | D:6      | Killed Eustachio
  3615 | D:6      | Reached skill level 9 in Maces & Flails
  3638 | D:6      | Killed Salmacis's ghost
  3638 | D:6      | Reached XP level 9. HP: 45/78 MP: 8/8
  3979 | D:6      | Reached **** piety under the Shining One
  4135 | D:6      | Reached skill level 1 in Stealth
  4141 | D:6      | Reached skill level 10 in Maces & Flails
  4823 | D:7      | Found a blossoming altar of Fedhas.
  4824 | D:7      | Found an ornate altar of the Wu Jian Council.
  4824 | D:7      | Found a white marble altar of Elyvilon.
  4825 | D:7      | Found a sacrificial altar of Ru.
  4825 | D:7      | Found a stormy altar of Qazlal.
  5156 | D:7      | Got a dazzling flail
  5157 | D:7      | Identified the +6 flail of Valour {flame, Str+5} (You found it on level 7 of the Dungeon)
  5173 | D:7      | Reached skill level 1 in Invocations
  5758 | D:8      | Noticed a troll
  5762 | D:8      | Killed a troll
  5762 | D:8      | Reached XP level 10. HP: 79/88 MP: 6/10
  5900 | D:9      | Noticed Psyche
  5907 | D:9      | Killed Psyche
  5907 | D:9      | Reached skill level 11 in Maces & Flails
  5967 | D:9      | Found a sparkling altar of Nemelex Xobeh.
  6012 | D:9      | Identified the Almanac of the Frostbite and Companions
  6417 | D:9      | Found a glowing silver altar of Zin.
  6477 | D:10     | Entered Level 10 of the Dungeon
  6478 | D:10     | Found a staircase to the Lair.
  6536 | Lair:1   | Entered Level 1 of the Lair of Beasts
  6638 | Lair:1   | Reached skill level 12 in Maces & Flails
  6780 | Lair:1   | Noticed a four-headed hydra
  6787 | Lair:1   | Killed a four-headed hydra
  6803 | Lair:1   | Reached XP level 11. HP: 58/97 MP: 11/11
  6805 | Lair:1   | Reached skill level 5 in Dodging
  6938 | Lair:1   | HP: 4/97 [blink frog (5)]
  7846 | Lair:2   | Reached skill level 10 in Shields
  7971 | Lair:2   | Noticed Harold
  7980 | Lair:2   | Killed Harold
  7980 | Lair:2   | Reached skill level 13 in Maces & Flails
  8056 | Lair:2   | Noticed a queen ant
  8057 | Lair:2   | Reached skill level 10 in Fighting
  8072 | Lair:2   | Killed a queen ant
  8155 | Lair:2   | Got a scorched plate armour
  8156 | Lair:2   | Identified the +5 plate armour "Jeocor" {rF+ Int+3} (You found it on level 2 of the Lair of Beasts)
  8172 | Lair:2   | Identified a scroll of acquirement
  8176 | Lair:2   | Got a coiled wooden ring
  8177 | Lair:2   | Identified the ring of Goaxaexa {rN+ Dex+2} (You acquired it on level 2 of the Lair of Beasts)
  8273 | Lair:2   | Reached skill level 14 in Maces & Flails
  8291 | Lair:2   | Noticed Gastronok
  8319 | Lair:2   | Killed Gastronok
  8319 | Lair:2   | Reached XP level 12. HP: 39/110 MP: 9/13
  9017 | Lair:3   | Found a staircase to the Snake Pit.
  9029 | Lair:3   | Reached skill level 10 in Armour
  9315 | Lair:3   | Noticed a four-headed hydra
  9322 | Lair:3   | Killed a four-headed hydra
  9518 | Lair:3   | Found a staircase to the Swamp.
 10747 | Lair:5   | Found a viscous altar of Jiyva.
 10747 | Lair:5   | Found a staircase to the Slime Pits.
 10754 | Lair:5   | Reached XP level 13. HP: 119/119 MP: 14/14
 10768 | Lair:5   | Noticed Josephine
 10778 | Lair:5   | Killed Josephine
 10903 | Lair:5   | Reached skill level 15 in Maces & Flails
 11116 | Lair:5   | Identified Aseshirr's Volume of Frigorific Conjuration
 11354 | Lair:6   | Entered Level 6 of the Lair of Beasts
 11395 | Lair:6   | Reached ***** piety under the Shining One
 12100 | Lair:6   | Noticed a death ooze
 12109 | Lair:6   | Killed a death ooze
 12119 | Lair:6   | Noticed an acid blob
 12119 | Lair:6   | Noticed an azure jelly
 12119 | Lair:6   | Noticed a death ooze
 12119 | Lair:6   | Noticed an acid blob
 12124 | Lair:6   | Killed an acid blob
 12130 | Lair:6   | Killed an acid blob
 12132 | Lair:6   | Killed a death ooze
 12135 | Lair:6   | Killed an azure jelly
 12135 | Lair:6   | Reached XP level 14. HP: 95/132 MP: 12/15
 12173 | Lair:6   | Noticed Anou's ghost (journeyman GnWn)
 12187 | Lair:6   | Killed Anou's ghost
 12801 | Lair:6   | Reached skill level 16 in Maces & Flails
 13768 | D:10     | Got an ancient long sword
 13769 | D:10     | Identified the +6 long sword of Valour {slice, Dex+3} (You found it on level 10 of the Dungeon)
 14230 | D:11     | Found a staircase to the Orcish Mines.
 14263 | Orc:1    | Entered Level 1 of the Orcish Mines
 14294 | Orc:1    | Found Ustruedet's Gadget Boutique.
 14325 | Orc:1    | Found a roughly hewn altar of Beogh.
 14339 | Orc:1    | Noticed an orc warlord
 14570 | D:11     | Killed an orc warlord
 14570 | D:11     | Reached skill level 15 in Fighting
 14704 | Orc:1    | Noticed an orc warlord
 14727 | Orc:1    | Killed an orc warlord
 14974 | Orc:1    | Noticed a stone giant
 15287 | D:11     | Killed a stone giant
 15651 | Orc:2    | Entered Level 2 of the Orcish Mines
 15668 | Orc:2    | Found a staircase to the Elven Halls.
 16267 | Orc:2    | Reached skill level 15 in Shields
 16275 | Orc:2    | Reached XP level 15. HP: 82/141 MP: 9/17
 16487 | Orc:2    | Reached skill level 5 in Invocations
 16497 | Orc:2    | Found Ygisiuteuz's General Store.
 16497 | Orc:2    | Found Vuxon's Jewellery Shoppe.
 16499 | Orc:2    | Found Yjuthrom's Antique Armour Boutique.
 16499 | Orc:2    | Found Kotial's Armour Shoppe.
 16979 | Swamp:1  | Entered Level 1 of the Swamp
 17633 | Swamp:1  | Noticed Roxanne
 17703 | Swamp:1  | Killed Roxanne
 17704 | Swamp:1  | Identified Roxanne's Disquisition on Transmigration (You took it off Roxanne on level 1 of the Swamp)
 18092 | Swamp:1  | Reached skill level 17 in Maces & Flails
 18255 | Swamp:2  | Paralysed by a hornet for 3 turns
 19551 | Swamp:3  | Reached ****** piety under the Shining One
 20202 | Swamp:4  | Entered Level 4 of the Swamp
 20314 | Swamp:4  | Reached XP level 16. HP: 123/152 MP: 12/19
 20659 | Swamp:4  | Noticed the 27-headed Lernaean hydra
 21698 | Swamp:4  | HP: 3/152 [poisoned by a swamp dragon (poison gas)]
 21698 | Swamp:4  | The Shining One protects you from harm!
 21699 | Swamp:4  | Engulfed by a swamp dragon's poison gas

Vault maps used:
D:1:      ncdulo_wetmaze, minmay_misc_feat_ornament, minmay_close_crescents
D:2:      gammafunk_temple_overflow_arena, grunt_gozag_statues
D:3:      nicolae_overflow_crystal_walls
D:4:      nicolae_xom_altar_mimics, minmay_temple_entry_overgrown,
          lightli_ossuary_entry_decrepit_ruins, kennysheep_generic_room_12,
          uniq_blork_the_orc, uniq_crazy_yiuf_cottage, uniq_sigmund
D:5:      kennysheep_big_flooded_room, kiku_gazebo_garden_becter,
          old_standard_altar, first_ration
D:6:      feat_on_display, uniq_eustachio
D:7:      kennysheep_steamy, grunt_temple_overflow_open
D:9:      cheibrodos_helix_gallery, kennysheep_little_box,
          nemelex_xobeh_ov_fountains_minmay, serial_glass, glass_columns_b,
          glass_columns_a, hex_medium, uniq_psyche
D:10:     minmay_lair_entry_lava
D:11:     hiddenorc2_lemuel
Lair:1:   minivault_11, infiniplex_staircase_pool, grunt_megastairs_4
Lair:2:   minivault_29, uniq_gastronok, uniq_harold
Lair:3:   nicolae_swamp_entry_splash_gauntlet, guppyfry_snake_entry_island,
          serial_bayou_pond_a, st_stairs_9
Lair:4:   beast_lair_carwin_3
Lair:5:   slime_altar_1, uniq_josephine
Lair:6:   due_jungle_book, special_room
Swamp:1:  serial_swamp_ruin, evilmike_swamp_ruin_house_1,
          evilmike_swamp_ruin_rubble_2, evilmike_swamp_ruin_house_5,
          infiniplex_staircase_pool_2, uniq_roxanne
Swamp:2:  evilmike_swamp_ruin_house_4
Swamp:3:  hangedman_swamp_diagram
Swamp:4:  swamp_old_school
Orc:1:    serial_shops, nicolae_shop_stone, basic_altar, minmay_orc_treasury
Orc:2:    grunt_orc_tribal_feast, elves_outpost_lemuel
Ossuary:  ossuary_tomb_1

Skill      XL: |  1  2  3  4  5  6  7  8  9 10 11 12 13 14 15 |
---------------+----------------------------------------------+-----
Armour         | 4 5 6 7 8 9 10 12 13 14 | 14.7
Fighting       | 4 5 6 7 9 11 12 14 15 16 | 16.5
Maces & Flails | 3 4 5 6 8 9 10 12 14 15 16 17 | 17.4
Shields        | 4 5 6 7 9 10 11 13 15 16 | 16.8
Dodging        | 1 2 3 4 5 6 |  6.5
Stealth        | 1 |  1.2
Invocations    | 1 2 3 4 5 |  5.8
Evocations     | |  0.7

Action                   |  1- 3 |  4- 6 |  7- 9 | 10-12 | 13-15 | 16-18 || total
-------------------------+-------+-------+-------+-------+-------+-------++-------
Melee: Flail             |    73 |    43 |    33 |   478 |  1138 |    86 ||  1851
       Headbutt          |    10 |    38 |    49 |   124 |   280 |    23 ||   524
       Whip              |       |   166 |   281 |       |       |       ||   447
Invok: Divine Shield     |       |       |     5 |     8 |    29 |     4 ||    46
       Cleansing Flame   |       |       |       |       |     1 |       ||     1
Evoke: Wand              |       |       |       |     4 |     2 |       ||     6
  Use: Potion            |       |     2 |     1 |     5 |     3 |     5 ||    16
       Scroll            |       |     5 |     8 |     9 |     5 |     1 ||    28
  Eat: Chunk             |       |     2 |    11 |    10 |    34 |     3 ||    60
       Ration            |       |     1 |       |     2 |       |       ||     3
Armor: Scale mail        |    30 |    70 |    63 |    46 |       |       ||   209
       Plate armour      |       |       |       |    62 |   359 |   120 ||   541
Dodge: Dodged            |    22 |    45 |    58 |   109 |   260 |    82 ||   576
Block: Shield            |    44 |    66 |   105 |   269 |   826 |   135 ||  1445

Table legend:
 A = Spawn XP
 B = Non-spawn XP
 C = Spawn XP percentage of total XP
 D = Spawn monster count
 E = Non-spawn monster count
 F = Spawn count percentage of total count
 G = Total turns spent on level
                    A         B        C        D         E        F      G
               +---------+---------+-------+---------+---------+-------+---------
         Total |       0 |  165446 |   0.0 |       0 |     760 |   0.0 | 21699
               +---------+---------+-------+---------+---------+-------+---------
           D:1 |       0 |      67 |   0.0 |       0 |      31 |   0.0 |   741
           D:2 |       0 |     136 |   0.0 |       0 |      17 |   0.0 |   455
           D:3 |       0 |     204 |   0.0 |       0 |      16 |   0.0 |   501
           D:4 |       0 |     401 |   0.0 |       0 |      17 |   0.0 |   655
           D:5 |       0 |     539 |   0.0 |       0 |      12 |   0.0 |   717
           D:6 |       0 |    1842 |   0.0 |       0 |      33 |   0.0 |  1230
           D:7 |       0 |    1258 |   0.0 |       0 |      24 |   0.0 |   822
           D:8 |       0 |     841 |   0.0 |       0 |      16 |   0.0 |   511
           D:9 |       0 |    1730 |   0.0 |       0 |      19 |   0.0 |   577
          D:10 |       0 |    2630 |   0.0 |       0 |      22 |   0.0 |   597
          D:11 |       0 |    6093 |   0.0 |       0 |      39 |   0.0 |   692
        Lair:1 |       0 |    6318 |   0.0 |       0 |      26 |   0.0 |  1239
        Lair:2 |       0 |   10162 |   0.0 |       0 |      51 |   0.0 |  1319
        Lair:3 |       0 |   10797 |   0.0 |       0 |      47 |   0.0 |  1309
        Lair:4 |       0 |    6220 |   0.0 |       0 |      22 |   0.0 |   791
        Lair:5 |       0 |    8189 |   0.0 |       0 |      30 |   0.0 |   682
        Lair:6 |       0 |   33327 |   0.0 |       0 |      62 |   0.0 |  2079
       Swamp:1 |       0 |   16199 |   0.0 |       0 |      37 |   0.0 |  1383
       Swamp:2 |       0 |   13516 |   0.0 |       0 |      31 |   0.0 |   857
       Swamp:3 |       0 |    6762 |   0.0 |       0 |      26 |   0.0 |  1530
       Swamp:4 |       0 |   17051 |   0.0 |       0 |      31 |   0.0 |   734
         Orc:1 |       0 |    8601 |   0.0 |       0 |      66 |   0.0 |  1122
         Orc:2 |       0 |   12248 |   0.0 |       0 |      47 |   0.0 |   888
       Ossuary |       0 |     315 |   0.0 |       0 |      38 |   0.0 |   268
               +---------+---------+-------+---------+---------+-------+---------
